 Dungeon Sprint DCSS version 0.23.0-28-g6fe0f4d (webtiles) character file.

Game seed: 0

65726 sanboga the Executioner (level 15, -3/169 HPs)
             Began as a Gargoyle Monk on Feb 25, 2019.
             Was the Champion of Trog.
             Killed by divine providence
             ... invoked by a daeva
              (12 damage)
             ... in the Dungeon (Sprint V: "Ziggurat Sprint").
             The game lasted 00:09:57 (1866 turns).

sanboga the Executioner (Gargoyle Monk)             Turns: 1866, Time: 00:09:58

Health: -3/169     AC: 56    Str: 34    XL:     15   Next: 17%
Magic:  0/13       EV: 12    Int: 14    God:    Trog [******]
Gold:   0          SH:  0    Dex: 18    Spells: 14/14 levels left

rFire    + + .     SeeInvis +   u - +9 executioner's axe (flame)
rCold    . . .     Gourm    .   (shield currently unavailable)
rNeg     + + .     Faith    .   s - +15 Maxwell's patent armour {-Cast -Tele rElec MR+ rCorr}
rPois    ∞         Spirit   +   v - +0 helmet {SInv}
rElec    +         Reflect  .   t - +1 cloak {MR+}
rCorr    +         Harm     .   B - +2 pair of gloves of Ismelink {rElec rCorr Dex+4}
MR       ++++.     Clarity  +   A - +1 pair of boots of Pijos {*Slow MR+ Regen+ Int+3} Stlth ..........NoTele +
                                x - amulet of Elyvilon's Delight {Spirit rF+ rN+ Str+2}
HPRegen  0.78/turn NoCast   +   w - +6 ring of strength
MPRegen  0.13/turn              z - ring "Lotodis" {rF+ Dex+2}

@: berserking (expiring), glowing, very quick
A: big wings, clarity, low mp 1, negative energy resistance 1, electricity
resistance, unbreathing, petrification resistance, rot immunity, MP-powered
wands, AC +11
a: Fly, Berserk, Trog's Hand, Brothers in Arms, Renounce Religion


You were in the Dungeon.
You worshipped Trog.
Trog was exalted by your worship.
You were near starving.

You visited 1 branch

Inventory:

Hand Weapons
 u - a +9 executioner's axe of flaming (weapon)
Armour
 s - the +15 Maxwell's patent armour (worn) {-Cast -Tele rElec MR+ rCorr}
   (You found it in the Dungeon)

   It insulates you from electricity.
   It affects your resistance to hostile enchantments.
   It prevents spellcasting.
   It prevents most forms of teleportation.
   It provides partial protection from all sources of acid and corrosion.
 t - a +1 cloak of magic resistance (worn)
 v - a +0 helmet of see invisible (worn)
 A - the +1 pair of boots of Pijos (worn) {*Slow MR+ Regen+ Int+3}
   (You found it in the Dungeon)

   It affects your intelligence (+3).
   It affects your resistance to hostile enchantments.
   It increases your rate of regeneration.
   It may slow you when you take damage.
 B - the +2 pair of gloves of Ismelink (worn) {rElec rCorr Dex+4}
   (You found it in the Dungeon)

   It affects your dexterity (+4).
   It insulates you from electricity.
   It provides partial protection from all sources of acid and corrosion.
Jewellery
 g - an uncursed ring of protection from cold
 w - a +6 ring of strength (left hand)
 x - the amulet of Elyvilon's Delight (around neck) {Spirit rF+ rN+ Str+2}
   (You found it in the Dungeon)

   [amulet of guardian spirit]

   It causes incoming damage to be split between your health and magic.
   It affects your strength (+2).
   It protects you from fire.
   It protects you from negative energy.
 y - a +4 amulet of reflection
 z - the ring "Lotodis" (right hand) {rF+ Dex+2}
   (You found it in the Dungeon)

   [ring of protection from fire]

   It affects your dexterity (+2).
   It protects you from fire.
 C - an uncursed ring of protection from fire
Wands
 p - a wand of disintegration (7)
 q - a wand of iceblast (7)
 r - a wand of acid (7)
Scrolls
 i - 4 scrolls of blinking
 k - 7 scrolls of fog
 l - a scroll of holy word
 m - 5 scrolls of identify
 n - 5 scrolls of remove curse
 o - 2 scrolls of fear
Potions
 a - 2 potions of invisibility
 b - 4 potions of resistance
 d - 10 potions of curing
 e - 12 potions of heal wounds
 f - 6 potions of haste
 h - 5 potions of agility
 j - 5 potions of might
Comestibles
 c - 7 rations


   Skills:
 + Level 20.5 Fighting
 * Level 23.3 Axes
 + Level 19.7 Armour
 - Level 5.1 Dodging
 - Level 6.9 Stealth


You had 14 spell levels left.
You didn't know any spells.
Your spell library was empty.

Dungeon Overview and Level Annotations

Branches:
Dungeon (1/1)

Altars:
Ashenzari
Cheibriados
Dithmenos
Elyvilon
Fedhas
Gozag
Hepliaklqana
Kikubaaqudgha
Makhleb
Nemelex Xobeh
Okawaru
Qazlal
Ru
Sif Muna
Trog
Uskayaw
Vehumet
Wu Jian
Xom
Yredelemnul
Zin
The Shining One
Beogh
Jiyva
Lugonu


Innate Abilities, Weirdness & Mutations

You are resistant to torment.
Your stone body is resilient. (AC +11)
You are immune to poison.
Your large and strong wings let you fly indefinitely.
You resist negative energy. (rN+)
You are resistant to electric shocks. (rElec)
You can survive without breathing.
You are immune to petrification.
You are immune to rotting.
You possess an exceptional clarity of mind.
Your magical capacity is low. (-10% MP)
You expend magic power (3 MP) to strengthen your wands.


Message History

The daeva calls down the wrath of the Shining One upon you.
The Shining One smites you!
* * * LOW HITPOINT WARNING * * *
You barely miss the daeva.
The daeva is heavily wounded.
The daeva blocks your attack. The daeva misses you.
The daeva hits you but does no damage.
You slice the daeva!! You burn the daeva!
The daeva is almost dead.
The daeva blocks your attack.
The daeva hits you but does no damage. x2
The daeva blocks your attack.
The daeva is almost dead.
You slice the daeva!! You burn the daeva! The daeva blocks your attack.
The daeva is almost dead.
You closely miss the daeva. The daeva hits you but does no damage.
The daeva closely misses you.
The daeva calls down the wrath of the Shining One upon you.
The Shining One smites you!
You die...

......_▓ ▓..[[)."[
..))..8▓
..})))||})"}[..▓...|::))
......_▓
...............▓........
......8▓
...............▓........
..}..._▓
...............▓.......÷
..=...8▓
...............▓.......[
..|..._▓
...............▓.......[
......8▓
......§A§......▓..▓.....
......_▓
......§@A......▓.▓.▓....
......8▓
...▓..§§§..▓...▓..▓.....
......_▓ . ▓▓.....▓▓
.▓........ 8_8_8_8▓
...▓.......▓...▓......©.
▓▓▓▓▓▓▓▓
...............▓▓▓▓▓▓▓▓▓
.......©.......▓.....8©8
▓▓▓▓▓▓▓▓▓▓▓▓▓▓▓▓..::|:})
▓..:))|=) ▓........


You could see 2 daevas.

Vanquished Creatures
  2 liches (D)
  2 storm dragons (D)
  3 shadow dragons (D)
  An orc warlord (D)
  A daeva (D)
  2 ghouls (D)
  3 ophanim (D)
  A vampire knight (D)
  A black draconian (D)
  A death ooze (D)
  A hydra (shapeshifter) (D)
  3 naga warriors (D)
  2 two-headed ogres (D)
  2 spriggan air magi (D)
  3 vampire magi (D)
  7 soul eaters (D)
  3 skeletal warriors (D)
  5 orc knights (D)
  2 necromancers (D)
  An orc sorcerer (D)
  A wolf spider (shapeshifter) (D)
  A shining eye (D)
  An ugly thing (D)
  3 draconians (D)
  A naga mage (D)
  A black mamba (D)
  A guardian serpent (D)
  An eye of devastation (D)
  A water nymph (shapeshifter) (D)
  A spiny frog (shapeshifter) (D)
  A spiny frog (D)
  A meliai (shapeshifter) (D)
  6 wind drakes (D)
  7 slime creatures (D)
  2 air elementals (D)
  5 spriggans (D)
  2 vampires (D)
  4 shadows (D)
  3 golden eyes (D)
  A neqoxec (D)
  2 nagas (D)
  An insubstantial wisp (D)
  A warg (D)
  2 water moccasins (D)
  2 floating eyes (D)
  A floating eye (shapeshifter) (D)
  2 porcupines (D)
  A swamp drake (shapeshifter) (D)
  A black bear (shapeshifter) (D)
  2 black bears (D)
  4 orc warriors (D)
  4 necrophages (D)
  4 ogres (D)
  3 wolves (D)
  3 bullfrogs (D)
  4 wights (D)
  An iguana (D)
  7 jellies (D)
  3 river rats (D)
  3 oozes (D)
  3 adder skeletons (D)
  An adder zombie (D)
  2 bat skeletons (D)
  5 bat zombies (D)
  4 jackals (D)
  2 ball pythons (D)
  A giant cockroach zombie (D)
  2 jackal skeletons (D)
  A leopard gecko zombie (D)
  A quokka skeleton (D)
163 creatures vanquished.

Vanquished Creatures (collateral kills)
  A death ooze (D)
  A guardian serpent (shapeshifter) (D)
  An eye of devastation (D)
  A merfolk (shapeshifter) (D)
  A jelly (D)
5 creatures vanquished.

Vanquished Creatures (others)
  2 insubstantial wisps (D)
2 creatures vanquished.

Grand Total: 170 creatures vanquished

Notes
Turn   | Place    | Note
-------+----------+-------------------------------------------
     0 | D        | Found the +6 Majin-Bo {vamp, Archmagi MP+6 Int+6}
     0 | D        | Found the +7 great mace "Firestarter" {inner flame, rF++}
     0 | D        | sanboga the Gargoyle Monk began the quest for the Orb.
     0 | D        | Reached XP level 1. HP: 14/14 MP: 1/1
    13 | D        | Found a deep blue altar of Sif Muna.
    13 | D        | Found a bloodstained altar of Trog.
    13 | D        | Found a sacrificial altar of Ru.
    13 | D        | Found a stormy altar of Qazlal.
    13 | D        | Found an iron altar of Okawaru.
    14 | D        | Found a sparkling altar of Nemelex Xobeh.
    14 | D        | Found a blossoming altar of Fedhas.
    16 | D        | Found a transporter.
    16 | D        | Found an ancient bone altar of Kikubaaqudgha.
    16 | D        | Found a viscous altar of Jiyva.
    16 | D        | Found a corrupted altar of Lugonu.
    16 | D        | Found a hazy altar of Hepliaklqana.
    16 | D        | Found a burning altar of Makhleb.
    16 | D        | Found an opulent altar of Gozag.
    41 | D        | Found the +9 heavy crossbow "Sniper" {velocity, Acc+∞ SInv}
    41 | D        | Found the +10 dark maul {crush}
    41 | D        | Found the +15 Maxwell's patent armour {-Cast -Tele rElec
                  | MR+ rCorr}
    41 | D        | Found the +18 shield of the Gong {rElec rN+ MR+ EV-5}
    41 | D        | Found the cursed +14 obsidian axe {chop, +Fly SInv *Curse}
    43 | D        | Found the +6 shillelagh "Devastator" {shatter}
    43 | D        | Found the +11 plutonium sword {*Contam Stlth-}
    43 | D        | Found the +8 lance "Wyrmbane" {slay drac, rPois rF+ rC+
                  | AC+3}
    43 | D        | Found the +9 sword of Zonguldrok {reap}
    43 | D        | Found the cursed +13 scythe of Curses {drain, *Curse}
    43 | D        | Found the +0 sword of Power
    43 | D        | Found the +7 mace of Variability {chain chaos}
    43 | D        | Found the +7 Singing Sword {slice, sonic wave}
    43 | D        | Found the +7 longbow "Piercer" {penet, EV-2}
    60 | D        | Became a worshipper of Trog the Wrathful
    60 | D        | Reached * piety under Trog
    60 | D        | Reached ** piety under Trog
    89 | D        | Entered arena 2.
    89 | D        | Noticed a swamp drake
    89 | D        | Noticed a black bear
    89 | D        | Found a transporter.
    92 | D        | Killed a black bear
    92 | D        | Reached skill level 5 in Fighting
    92 | D        | Reached skill level 4 in Axes
    92 | D        | Reached skill level 5 in Stealth
    92 | D        | Reached XP level 2. HP: 22/22 MP: 2/2
    92 | D        | Reached XP level 3. HP: 27/27 MP: 3/3
    92 | D        | Reached XP level 4. HP: 32/32 MP: 4/4
    92 | D        | Killed a swamp drake
    92 | D        | Reached skill level 5 in Axes
    92 | D        | Reached skill level 5 in Dodging
    92 | D        | Reached XP level 5. HP: 37/37 MP: 5/5
   140 | D        | Entered arena 3.
   140 | D        | Noticed a porcupine
   140 | D        | Found a transporter.
   142 | D        | Reached skill level 6 in Axes
   142 | D        | Reached XP level 6. HP: 44/44 MP: 6/6
   144 | D        | Killed a porcupine
   144 | D        | Reached *** piety under Trog
   144 | D        | Reached skill level 7 in Axes
   153 | D        | Entered arena 4.
   153 | D        | Noticed a black draconian
   153 | D        | Noticed a draconian
   153 | D        | Noticed a draconian
   153 | D        | Noticed a draconian
   153 | D        | Found a transporter.
   154 | D        | Identified the +4 shortbow of Lywack {freeze, Int+7}
   163 | D        | Killed a black draconian
   163 | D        | Reached skill level 10 in Fighting
   163 | D        | Reached skill level 11 in Axes
   163 | D        | Reached XP level 7. HP: 53/53 MP: 7/7
   163 | D        | Reached XP level 8. HP: 58/58 MP: 8/8
   164 | D        | Killed a draconian
   165 | D        | Killed a draconian
   165 | D        | Reached **** piety under Trog
   165 | D        | Reached skill level 12 in Axes
   165 | D        | Reached XP level 9. HP: 64/64 MP: 9/9
   168 | D        | Killed a draconian
   185 | D        | Entered arena 5.
   185 | D        | Found a transporter.
   268 | D        | Reached skill level 10 in Armour
   302 | D        | Entered arena 6.
   302 | D        | Found a transporter.
   305 | D        | Reached ***** piety under Trog
   311 | D        | Reached skill level 13 in Axes
   405 | D        | Entered arena 7.
   406 | D        | Found a transporter.
   411 | D        | Received a gift from Trog
   426 | D        | Entered arena 8.
   427 | D        | Found a transporter.
   427 | D        | Paralysed by a floating eye for 4 turns
   434 | D        | Reached ****** piety under Trog
   441 | D        | Got the amulet of Wamavoro {Faith +Inv Str+8 Int-3}
   444 | D        | Got the ring "Lotodis" {rF+ Dex+2}
   488 | D        | Entered arena 9.
   488 | D        | Noticed a shining eye
   489 | D        | Found a transporter.
   489 | D        | Paralysed by a floating eye for 2 turns
   494 | D        | Gained mutation: You expend magic power (3 MP) to
                  | strengthen your wands. [a shining eye]
   496 | D        | Received a gift from Trog
   497 | D        | Paralysed by a floating eye for 3 turns
   497 | D        | Gained mutation: Your magical capacity is low. (-10% MP) [a
                  | shining eye]
   501 | D        | Reached XP level 10. HP: 68/72 MP: 9/9
   502 | D        | Gained mutation: You possess an exceptional clarity of
                  | mind. [a shining eye]
   503 | D        | Killed a shining eye
   503 | D        | Reached skill level 14 in Axes
   577 | D        | Entered arena 10.
   578 | D        | Found a transporter.
   581 | D        | Received a gift from Trog
   591 | D        | Reached skill level 15 in Axes
   741 | D        | Entered arena 11.
   741 | D        | Noticed a spiny frog
   742 | D        | Found a transporter.
   745 | D        | Received a gift from Trog
   751 | D        | Killed a spiny frog
   765 | D        | Got the amulet of Elyvilon's Delight {Spirit rF+ rN+ Str+2}
   770 | D        | Entered arena 12.
   770 | D        | Noticed a red ugly thing
   770 | D        | Noticed a swamp dragon
   770 | D        | Noticed an elephant
   770 | D        | Noticed an anaconda
   770 | D        | a floating eye changed into an anaconda
   770 | D        | Noticed a shining eye
   770 | D        | a swamp dragon changed into a shining eye
   770 | D        | Noticed a glowing orange brain
   770 | D        | a snapping turtle changed into a glowing orange brain
   770 | D        | an elephant changed into a wind drake
   770 | D        | Noticed a sea snake
   771 | D        | Noticed a shining eye
   771 | D        | Noticed a wolf spider
   771 | D        | a shining eye changed into a wolf spider
   771 | D        | Noticed a satyr
   771 | D        | an anaconda changed into a satyr
   772 | D        | Found a transporter.
   773 | D        | Noticed a swamp dragon
   773 | D        | a sea snake changed into a swamp dragon
   773 | D        | Noticed a guardian serpent
   773 | D        | a wind drake changed into a guardian serpent
   774 | D        | Noticed a queen ant
   774 | D        | a satyr changed into a queen ant
   774 | D        | Noticed a shining eye
   774 | D        | a glowing orange brain changed into a shining eye
   775 | D        | Noticed a deep troll
   775 | D        | a shining eye changed into a deep troll
   776 | D        | Killed a red ugly thing
   776 | D        | Received a gift from Trog
   777 | D        | Noticed a moth of wrath
   777 | D        | a shining eye changed into a moth of wrath
   778 | D        | Noticed a water nymph
   778 | D        | a swamp dragon changed into a water nymph
   778 | D        | Noticed a salamander
   778 | D        | a moth of wrath changed into a salamander
   779 | D        | Killed a guardian serpent
   779 | D        | Reached XP level 11. HP: 80/80 MP: 1/9
   780 | D        | Noticed a salamander
   780 | D        | a dream sheep changed into a salamander
   782 | D        | Noticed a six-headed hydra
   782 | D        | a queen ant changed into a six-headed hydra
   782 | D        | Noticed a death drake
   782 | D        | a salamander changed into a death drake
   784 | D        | Killed a wolf spider
   784 | D        | a deep troll changed into a floating eye
   785 | D        | Reached skill level 16 in Axes
   787 | D        | Received a gift from Trog
   787 | D        | a salamander changed into a basilisk
   787 | D        | a death drake changed into a merfolk
   794 | D        | Killed a 13-headed hydra
   804 | D        | Got the ring "Loukyid" {Fire rElec}
  1015 | D        | Entered arena 13.
  1016 | D        | Noticed a naga warrior
  1016 | D        | Noticed a naga warrior
  1016 | D        | Noticed a naga warrior
  1024 | D        | Received a gift from Trog
  1025 | D        | Reached skill level 15 in Fighting
  1034 | D        | Killed a naga warrior
  1034 | D        | Reached skill level 17 in Axes
  1036 | D        | Killed a naga warrior
  1041 | D        | Killed a naga warrior
  1088 | D        | Found a transporter.
  1141 | D        | Entered arena 14.
  1275 | D        | Noticed a death ooze
  1276 | D        | Found a transporter.
  1281 | D        | Received a gift from Trog
  1293 | D        | Received a gift from Trog
  1293 | D        | Reached XP level 12. HP: 54/88 MP: 7/10
  1294 | D        | Killed a death ooze
  1294 | D        | Reached skill level 18 in Axes
  1298 | D        | Noticed a death ooze
  1302 | D        | Killed a death ooze
  1302 | D        | Reached skill level 15 in Armour
  1314 | D        | Got the +1 pair of boots of Pijos {*Slow MR+ Regen+ Int+3}
  1366 | D        | Entered arena 15.
  1366 | D        | Noticed a vampire mage
  1372 | D        | Killed a vampire mage
  1376 | D        | Received a gift from Trog
  1388 | D        | Received a gift from Trog
  1397 | D        | Found a transporter.
  1418 | D        | Entered arena 16.
  1418 | D        | Noticed a vampire mage
  1418 | D        | Identified the +6 long sword of Kutamm {freeze, rF+}
  1418 | D        | Noticed a vampire knight
  1418 | D        | Identified the +6 quarterstaff of Irritation {elec, rElec
                  | Str-2 Int+2 Dex+5}
  1418 | D        | Noticed a vampire mage
  1419 | D        | Noticed a lich
  1419 | D        | Noticed a ghoul
  1419 | D        | Noticed a lich
  1425 | D        | Killed a vampire knight
  1425 | D        | Killed a vampire mage
  1425 | D        | Received a gift from Trog
  1425 | D        | Reached skill level 19 in Axes
  1430 | D        | Killed a lich
  1430 | D        | Received a gift from Trog
  1432 | D        | Killed a lich
  1432 | D        | Reached skill level 20 in Axes
  1432 | D        | Reached XP level 13. HP: 97/97 MP: 7/11
  1433 | D        | Killed a ghoul
  1433 | D        | Received a gift from Trog
  1434 | D        | Found a transporter.
  1484 | D        | Entered arena 17.
  1487 | D        | Noticed a storm dragon
  1487 | D        | Noticed a storm dragon
  1489 | D        | Gained mutation: Your large and strong wings let you fly
                  | indefinitely. [Gargoyle growth]
  1489 | D        | Reached XP level 14. HP: 104/104 MP: 12/12
  1490 | D        | Found a transporter.
  1497 | D        | Received a gift from Trog
  1499 | D        | Killed a storm dragon
  1501 | D        | Killed a storm dragon
  1501 | D        | Received a gift from Trog
  1501 | D        | Reached skill level 21 in Axes
  1626 | D        | Entered arena 18.
  1629 | D        | Noticed an orc warlord
  1629 | D        | Identified the cursed +1 mace of Blind Justice {flame,
                  | *Corrode rPois Str+4}
  1631 | D        | Found a transporter.
  1635 | D        | Received a gift from Trog
  1641 | D        | Killed an orc warlord
  1641 | D        | Received a gift from Trog
  1750 | D        | Entered arena 19.
  1753 | D        | Noticed a shadow dragon
  1753 | D        | Noticed a shadow dragon
  1754 | D        | Noticed a shadow dragon
  1754 | D        | Noticed a ghoul
  1756 | D        | Found a transporter.
  1759 | D        | Received a gift from Trog
  1761 | D        | Killed a shadow dragon
  1762 | D        | Killed a shadow dragon
  1762 | D        | Reached skill level 22 in Axes
  1766 | D        | Killed a ghoul
  1772 | D        | Killed a shadow dragon
  1772 | D        | Reached XP level 15. HP: 112/112 MP: 11/13
  1801 | D        | Got the +2 pair of gloves of Ismelink {rElec rCorr Dex+4}
  1809 | D        | Got the ring "Nahufu" {+Fly rF- EV+4 Str+4 Slay+5}
  1836 | D        | Entered arena 20.
  1841 | D        | Noticed a daeva
  1841 | D        | Noticed a daeva
  1842 | D        | Noticed a daeva
  1857 | D        | Reached skill level 23 in Axes
  1861 | D        | Killed a daeva
  1861 | D        | Received a gift from Trog
  1862 | D        | HP: 7/169 [daeva/divine providence (12)]
  1866 | D        | Killed from afar by a daeva

Skill      XL: |  1  2  3  4  5  6  7  8  9 10 11 12 13 14 15 |
---------------+----------------------------------------------+-----
Fighting       | 5 6 7 10 11 12 14 15 17 18 20 | 20.5
Axes           | 4 5 6 11 12 13 15 17 20 22 23 | 23.3
Dodging        | 4 5 |  5.1
Stealth        | 5 6 |  6.9
Armour         | 2 7 9 10 12 14 16 17 19 | 19.7

Action                   |  1- 3 |  4- 6 |  7- 9 | 10-12 | 13-15 || total
-------------------------+-------+-------+-------+-------+-------++-------
Melee: Broad axe         |     2 |    11 |    48 |   120 |       ||   181
       Executioner's axe |       |       |       |    11 |    64 ||    75
Invok: Berserk           |     1 |     1 |       |     2 |     4 ||     8
       Brothers in Arms  |       |       |       |     2 |       ||     2
  Use: Scroll            |       |     1 |     1 |     4 |       ||     6
       Potion            |       |       |       |       |     3 ||     3
 Stab: Distracted        |       |       |       |     1 |       ||     1
  Eat: Ration            |       |       |       |     2 |       ||     2
       Chunk             |       |       |       |       |     3 ||     3
Armor: Plate armour      |     2 |    13 |    41 |   143 |    85 ||   284
Dodge: Dodged            |     2 |     9 |    43 |    87 |    54 ||   195
Block: Other             |       |       |     6 |     7 |       ||    13
